 Dungeon Crawl Stone Soup version 0.31-a0-799-g6bc09d010c (webtiles) character file.

Game seed: 4937884506033969029

4517 DocEon the Basher (level 10, 0/69 HPs)
             Began as a Black Draconian Conjurer on Sept 19, 2023.
             Was an Elder of Okawaru.
             Killed themself with a bounced orb of electricity (3 damage)
             ... on level 10 of the Dungeon.
             The game lasted 00:09:09 (10586 turns).

DocEon the Basher (Black Draconian Conjurer)       Turns: 10586, Time: 00:09:10

Health: 0/69       AC: 16    Str: 11    XL:     10   Next: 17%
Magic:  16/16      EV: 12    Int: 20    God:    Okawaru [****..]
Gold:   675        SH:  0    Dex: 11    Spells: 10/17 levels left

rFire   . . .        h - +8 eveningstar "Jatat" {venom, rN+ Will+ Stlth+}
rCold   . . .        (no shield)
rNeg    + . .        (body armour unavailable)
rPois   +            v - +2 hat
rElec   +            q - +1 cloak
rCorr   .            (no gloves)
SInv    .            i - +0 pair of boots
Will    +....        (no amulet)
Stlth   +++          o - +4 ring of protection
HPRegen 0.31/turn    t - ring of poison resistance
MPRegen 0.15/turn

%: no passive effects
@: no status effects
A: breathe lightning, AC +7, unfitting armour, electricity resistance,
cold-blooded
a: Breathe Lightning, Renounce Religion, Heroism, Finesse


You were on level 10 of the Dungeon.
You worshipped Okawaru.
Okawaru was greatly pleased with you.
You visited 2 branches of the dungeon, and saw 11 of its levels.
You also visited: Sewer.

You collected 675 gold pieces.

Inventory:

Hand Weapons
 c - a +1 dagger
 h - the +8 eveningstar "Jatat" (weapon) {venom, rN+ Will+ Stlth+}
   (You acquired it on level 4 of the Dungeon)

   rN+:       It protects you from negative energy.
   Will+:     It increases your willpower.
   Stlth+:    It makes you more stealthy.
 p - a +3 quarterstaff of chaos
Armour
 i - a +0 pair of boots (worn)
 q - a +1 cloak (worn)
 u - a scarf of invisibility
 v - a +2 hat (worn)
Jewellery
 n - a ring of wizardry
 o - a +4 ring of protection (left hand)
 t - a ring of poison resistance (right hand)
 E - a ring of fire
Talismans
 d - a flux talisman
Wands
 j - a wand of quicksilver (6)
 r - a wand of flame (32)
 y - a wand of digging (12)
Scrolls
 b - 2 scrolls of teleportation
 k - 2 scrolls of enchant weapon
 l - 2 scrolls of torment
 C - a scroll of butterflies {unknown}
 D - a scroll of fear
 F - 4 scrolls of identify
 G - a scroll of immolation
Potions
 a - 2 potions of magic
 e - 2 potions of attraction
 f - a potion of lignification
 g - 3 potions of invisibility {unknown}
 m - a potion of might
 s - 5 potions of curing {unknown}
 w - 3 potions of haste {unknown}
 x - a potion of brilliance {unknown}
 z - 3 potions of mutation {unknown}
 A - a potion of resistance {unknown}
 B - a potion of cancellation {unknown}


   Skills:
 * Level 13.1 Maces & Flails
 - Level 1.7 Dodging
 - Level 1.7 Stealth
 - Level 4.0 Spellcasting
 - Level 6.8 Conjurations


You had 10 spell levels left.
You knew the following spells:

 Your Spells              Type           Power      Damage    Failure   Level
a - Magic Dart            Conj           100%       1d8       1%          1
b - Searing Ray           Conj           62%        2d6       1%          2
c - Iskenderun's Mystic   Conj/Tloc      17%        2d5       30%         4

Your spell library contained the following spells:

 Spells                   Type           Power      Damage    Failure   Level
 Dazzling Flash           Conj/Hex       34%        N/A       10%         3
 Hailstorm                Conj/Ice       17%        3d6       10%         3
 Passwall                 Tmut/Erth      3%         N/A       19%         2
 Scorch                   Fire           8%         2d5       19%         2
 Sublimation of Blood     Necr           4%         N/A       19%         2
 Wereblood                Tmut           4%         N/A       19%         2
 Flame Wave               Conj/Fire      17%        2d7       30%         4
 Fulminant Prism          Conj/Hex       8%         3d6       30%         4
 Sigil of Binding         Hex            4%         N/A       36%         3
 Fireball                 Conj/Fire      8%         3d6       65%         5
 Cause Fear               Hex            2%         N/A       77%         4
 Dimensional Bullseye     Hex/Tloc       2%         N/A       77%         4
 Leda's Liquefaction      Hex/Erth       2%         N/A       77%         4
 Petrify                  Tmut/Erth      4%         N/A       77%         4
 Call Canine Familiar     Summ           Unusable   N/A       N/A         3
 Tukima's Dance           Hex            Unusable   N/A       N/A         3
 Summon Ice Beast         Ice/Summ       Unusable   N/A       N/A         4
 Simulacrum               Ice/Necr       Unusable   N/A       N/A         6
 Summon Cactus Giant      Summ           Unusable   N/A       N/A         6
 Summon Hydra             Summ           Unusable   N/A       N/A         7
 Dragon's Call            Summ           Unusable   N/A       N/A         9

Dungeon Overview and Level Annotations

Branches:
Dungeon (10/15)            Temple (1/1) D:4             Orc (0/2) D:10
  Sewer (visited)
   Lair: D:8-11

Altars:
Ashenzari
Cheibriados
Dithmenos
Elyvilon
Fedhas
Gozag
Hepliaklqana
Kikubaaqudgha
Makhleb
Nemelex Xobeh
Okawaru
Qazlal
Ru
Sif Muna
Trog
Uskayaw
Wu Jian
Xom
Yredelemnul
Zin
The Shining One

Shops:
D:10 (

Annotations:
D:10 exclusion: orange crystal statue


Innate Abilities, Weirdness & Mutations

You can breathe wild blasts of lightning.
Your glossy black scales are hard. (AC +7)
You cannot fit into any form of body armour.
You are resistant to electric shocks. (rElec)
You are cold-blooded and may be slowed by cold attacks.


Message History

The yak is almost dead.
The yak gores you!
* * * LOW HITPOINT WARNING * * *
You puncture the yak!
You kill the yak!
Okawaru accepts your kill.
You are too injured to fight recklessly!
You completely miss the yak.
You tail-slap the yak, but do no damage.
You are too injured to fight recklessly!
You barely miss the yak. You tail-slap the yak.
The yak is lightly wounded.
The yak gores you but does no damage.
You barely miss the yak.
The yak is lightly wounded.
The yak gores you.
* * * LOW HITPOINT WARNING * * *
You barely miss the yak. You tail-slap the yak.
The yak is lightly wounded.
The yak gores you but does no damage.
You sock the yak! You punch the yak.
The yak is severely wounded.
The yak closely misses you.
Activating: Breathe Lightning (3% risk of failure)
Press: ? - help, Dir - look around, f - activate You breathe a wild blast of lightning!
The bolt of lightning misses you. x3
The orb of electricity explodes!
The orb of electricity engulfs the yak!!
You kill the yak!
Okawaru accepts your kill. The orb of electricity engulfs you! You resist.
* * * LOW HITPOINT WARNING * * *
The orb of electricity engulfs the yak!!
The yak is severely wounded.
The orb of electricity engulfs the yak!!!
You kill the yak!
Okawaru accepts your kill.
The orb of electricity explodes!
The orb of electricity engulfs you. You resist.
You die...

# # # # #
#.#### # #...<#
## #@# .# #†#
.# #Y#### .#
###†...## .#
##~~.~PY.## .#
#~.~~PPP..# .#
#.~~~~PPPY# .#
####.~♣≈†~PP.#
.#
#...P~♣♣♣♣~P..#


You could see a yak.

Vanquished Creatures
  The ghost of Loveship the Trooper, a novice FoFi of Qazlal (D:4)
  A troll (D:10)
  3 hornets (D:10)
  A vampire (D:10)
  4 yaks (D:10)
  A steam dragon (D:10)
  2 water moccasins
  2 orc warriors
  A black bear (D:6)
  2 sky beasts (D:6)
  An ogre (D:4)
  A phantom (D:7)
  2 kobold brigands (Sewer)
  Blork the orc (D:6)
  2 bullfrogs
  2 scorpions
  8 wights
  2 electric eels
  3 howler monkeys (D:7)
  2 lava snakes (D:10)
  A hound (D:6)
  A jelly (D:8)
  5 orc priests
  Crazy Yiuf (D:2)
  2 iguanas
  Terence (D:2)
  Natasha (thrice) (D:2)
  6 orc wizards
  The ghost of cforsyth the Sneak, a weakling DjDe (D:4)
  A gnoll (D:10)
  11 adders
  3 river rats
  A shadow imp (D:6)
  2 ufetubi
  A dart slug (D:1)
  9 worms
  28 orcs
  10 endoplasms
  8 giant cockroaches
  7 goblins
  7 hobgoblins
  11 kobolds
  2 quokkas
  10 ball pythons
  10 bats
  6 frilled lizards
  9 rats
  A spectral hobgoblin (D:10)
200 creatures vanquished.

Vanquished Creatures (others)
  An orc (D:7)
1 creature vanquished.

Grand Total: 201 creatures vanquished

Notes
Turn   | Place    | Note
-------+----------+-------------------------------------------
     0 | D:1      | DocEon the Draconian Conjurer began the quest for the Orb.
     0 | D:1      | Reached XP level 1. HP: 14/14 MP: 3/3
   268 | D:1      | Reached XP level 2. HP: 20/20 MP: 1/5
   314 | D:1      | Learned a level 2 spell: Searing Ray
  1471 | D:2      | Reached XP level 3. HP: 26/26 MP: 4/6
  1590 | D:2      | Found a runed translucent door.
  1591 | D:2      | Noticed Crazy Yiuf
  1712 | D:2      | Noticed Natasha
  1717 | D:2      | Killed Natasha
  1718 | D:2      | Reached skill level 5 in Conjurations
  1836 | D:2      | Noticed Terence
  1844 | D:2      | Killed Terence
  1845 | D:2      | Reached XP level 4. HP: 18/33 MP: 0/8
  2458 | D:2      | Noticed Natasha
  2461 | D:2      | Killed Natasha
  2462 | D:2      | Reached XP level 5. HP: 34/38 MP: 5/9
  2529 | D:2      | Killed Crazy Yiuf
  2615 | D:2      | Noticed Natasha
  2627 | D:2      | Killed Natasha
  2745 | D:2      | Learned a level 4 spell: Iskenderun's Mystic Blast
  2879 | D:3      | Found a shimmering altar of Xom.
  3707 | D:4      | Found a bloodstained altar of Trog.
  3745 | D:4      | Identified a scroll of acquirement
  3745 | D:4      | Acquired the +8 eveningstar "Jatat" {venom, rN+ Will+
                  | Stlth+}
  3883 | D:4      | Reached XP level 6. HP: 45/45 MP: 11/11
  4008 | D:4      | Reached skill level 1 in Maces & Flails
  4021 | D:4      | Found a runed translucent gate.
  4021 | D:4      | Found a runed translucent gate.
  4021 | D:4      | Found a runed translucent gate.
  4021 | D:4      | Noticed cforsyth's ghost (weakling DjDe)
  4021 | D:4      | Noticed Loveship's ghost (novice FoFi)
  4035 | D:4      | Found a staircase to the Ecumenical Temple.
  4092 | D:4      | Found an ornate altar of the Wu Jian Council.
  4533 | D:4      | Found a burning altar of Makhleb.
  4757 | D:4      | Killed cforsyth's ghost
  4766 | D:4      | Killed Loveship's ghost
  4767 | D:4      | Reached skill level 4 in Maces & Flails
  4767 | D:4      | Your scales start taking on a glossy black colour.
  4767 | D:4      | Reached XP level 7. HP: 18/50 MP: 13/13
  4767 | D:4      | Gained mutation: You are resistant to electric shocks.
                  | (rElec) [Black Draconian growth]
  4921 | Temple   | Entered the Ecumenical Temple
  5042 | Temple   | Became a worshipper of Warmaster Okawaru
  5084 | D:5      | Entered Level 5 of the Dungeon
  5172 | D:5      | Reached skill level 5 in Maces & Flails
  5437 | D:5      | Got a humming book
  5922 | D:6      | Reached skill level 6 in Maces & Flails
  5936 | D:6      | Reached XP level 8. HP: 57/57 MP: 14/14
  6232 | D:6      | Found a glowing drain.
  6237 | Sewer    | Entered a sewer
  6298 | Sewer    | Reached skill level 7 in Maces & Flails
  6538 | Sewer    | Reached * piety under Okawaru
  7005 | D:6      | Reached skill level 8 in Maces & Flails
  7073 | D:6      | Noticed Blork the orc
  7081 | D:6      | Killed Blork the orc
  7119 | D:6      | Found a shimmering blue altar of Sif Muna.
  7162 | D:6      | Reached skill level 9 in Maces & Flails
  7163 | D:6      | Reached ** piety under Okawaru
  7254 | D:6      | Found a glowing golden altar of the Shining One.
  7363 | D:7      | Found a stormy altar of Qazlal.
  7380 | D:7      | Reached XP level 9. HP: 60/62 MP: 15/15
  7507 | D:7      | Reached skill level 10 in Maces & Flails
  7956 | D:7      | Found a white marble altar of Elyvilon.
  8292 | D:8      | Found a glowing silver altar of Zin.
  9188 | D:10     | Entered Level 10 of the Dungeon
  9188 | D:10     | Found Gice's Weapon Boutique.
  9188 | D:10     | Found a staircase to the Orcish Mines.
  9210 | D:10     | Reached skill level 11 in Maces & Flails
  9306 | D:10     | Reached *** piety under Okawaru
  9417 | D:10     | Noticed an orange crystal statue
  9835 | D:10     | Noticed a troll
  9849 | D:10     | Killed a troll
  9850 | D:10     | Reached skill level 12 in Maces & Flails
 10122 | D:10     | Reached **** piety under Okawaru
 10308 | D:10     | Found a hazy altar of Hepliaklqana.
 10329 | D:10     | Reached XP level 10. HP: 69/69 MP: 12/16
 10576 | D:10     | Reached skill level 13 in Maces & Flails
 10586 | D:10     | HP: 3/69 [bounced beam (10)]
 10586 | D:10     | Killed themself with a bounced orb of electricity

Illustrated notes

Levels and vault maps discovered:
D:1:      ebering_hopf_link, layout_basic
D:2:      minmay_razor_zed, layout_rooms, uniq_natasha, uniq_crazy_yiuf_cottage,
          uniq_terence
D:3:      layout_loops_ring, lemuel_crystal_altar
D:4:      layout_basic, amcnicky_altar_gilded, lightli_temple_of_fire,
          nicolae_wu_jian_wuxing_cycle, minmay_temple_entry_glass,
          gammafunk_ghost_cemetery
D:5:      layout_loops_corners
D:6:      layout_rooms, tgw_sif, general_overflow_altar, gup_sewer_entry_spiral
D:7:      layout_basic, nicolae_elyvilon_temple_path,
          mainiacjoe_overflow_cross_hatched
D:8:      layout_gridville, mainiacjoe_overflow_chevrons
D:9:      layout_small_grid, old_standard_altar, dpeg_oklobed_lair
D:10:     layout_loops_ring, nicolae_hepliaklqana_monster_ancestors,
          orc_david_3, serial_shops, shop, serial_bayou_lagoon_a,
          grunt_decor_clamped, chequers_serial_rivers_small_a, disabler_island
Temple:   minmay_temple_curvy_loop

Skill      XL: |  1  2  3  4  5  6  7  8  9 10 |
---------------+-------------------------------+-----
Conjurations   | 5 6 |  6.8
Spellcasting   | 3 4 |  4.0
Maces & Flails | 4 6 9 12 13 | 13.1
Dodging        | |  1.7
Stealth        | |  1.7

Action                     |  1- 3 |  4- 6 |  7- 9 | 10-12 || total
---------------------------+-------+-------+-------+-------++-------
  Melee: Unarmed           |    18 |       |       |       ||    18
         Tailslap          |     2 |     4 |    31 |     7 ||    44
         Eveningstar       |       |    40 |   286 |    38 ||   364
         Punch             |       |       |     2 |     1 ||     3
   Cast: Magic Dart        |    61 |    70 |    25 |       ||   156
         Searing Ray       |     1 |     5 |     5 |       ||    11
Ability: Begin Untransform |     1 |       |       |       ||     1
         Breathe Lightning |       |       |     2 |       ||     2
  Evoke: Wand              |     1 |     1 |     1 |       ||     3
    Use: Scroll            |     3 |     7 |     5 |       ||    15
   Stab: Sleeping          |       |     2 |    11 |       ||    13
 Armour: Skin              |    17 |    36 |   212 |    25 ||   290
  Dodge: Dodged            |    16 |    43 |   178 |    15 ||   252
   Form: Flux              |     1 |       |       |       ||     1

Table legend: (Time is in decaauts)
 A = Elapsed time spent in this place.
 B = Non-inter-level travel time spent in this place.
 C = Inter-level travel time spent in this place.
 D = Time resting spent in this place.
 E = Time spent auto-exploring this place.
 F = Levels seen in this place.
 G = Mean time per level.
                   A        B        C        D        E       F      G
               +--------+--------+--------+--------+--------+-----+--------+
         Total |  10846 |  10559 |    287 |   1479 |   7385 |  12 |  903.8 |
       Dungeon |   9844 |   9593 |    251 |   1410 |   6846 |  10 |  984.4 |
        Temple |    139 |    103 |     36 |      0 |      0 |   1 |  139.0 |
         Sewer |    862 |    862 |      0 |     69 |    539 |   1 |  862.0 |
               +--------+--------+--------+--------+--------+-----+--------+

Top non-repeatable levels by time:
     D:2: 1666 daAuts
    D:10: 1397 daAuts
     D:4: 1285 daAuts
     D:1: 1105 daAuts
     D:8: 959 daAuts
     D:3: 929 daAuts
     D:7: 863 daAuts
   Sewer: 862 daAuts
     D:6: 818 daAuts
     D:5: 806 daAuts
  Temple: 139 daAuts
     D:9: 12 daAuts
